[Event "XX Gran Hotel Bali-A 2023"]
[Site "Benidorm"]
[Date "2023.12.07"]
[Round "8.1"]
[White "Ilinca, Felix-Antonio"]
[Black "Grigoryan, Karen H."]
[Result "*"]
[ECO "B90"]
[WhiteElo "2395"]
[BlackElo "2646"]
[Annotator "TA"]
[PlyCount "46"]
[EventDate "2023.12.02"]
[EventType "swiss"]
[EventCountry "ESP"]
[SourceTitle "playchess.com"]
[Source "ChessBase"]
[SourceQuality "1"]
[TimeControl "5400+30"]

1. e4 c5 2. Nf3 d6 3. d4 cxd4 4. Nxd4 Nf6 5. Nc3 a6 6. Rg1 e5 7. Nb3 {[%emt 0:00:28] B90: Sicilian Najdorf: Unusual White 6th moves, 6 Be3 Ng4 and 6 Be3 e5.} h5 8. h3 h4 9. Be3 {[%emt 0:02:58] White has an edge.} Be7 10. Qf3 Be6 11. O-O-O Nbd7 12. g4 hxg3 13. fxg3 {[%emt 0:02:47] [#]} Rc8 $146 ({Predecessor:} 13... g6 14. g4 Rc8 15. Kb1 Qc7 16. Bd3 Rh7 17. Bf2 Nb6 18. h4 Nc4 19. Bxc4 Qxc4 {1-0 Dyulgerov,V (1863)-Irimia,I (2072) Albena Vivacom op 2015 (3)}) 14. Nd5 Bxd5 {[%emt 0:02:20][%mdl 64] [#] Remove Defender} (14... Bxh3 $2 15. Rh1 $18) (14... Nxd5 $2 15. exd5 Qc7 16. c3 $18) 15. exd5 Qc7 16. Bd3 {[%emt 0:12:57] Active counter play!} (16. c3 $14) 16... a5 $11 {[%emt 0:05:57] aiming for ...a4.} 17. Nd2 a4 $1 {[%emt 0:02:45] Hoping for ...a3.} 18. a3 b5 $1 19. Kb1 {[%emt 0:03:04] Black must now prevent g4.} (19. Bxb5 $2 Qxc2#) (19. g4 {looks sharper.} b4 20. axb4 a3 21. bxa3 e4 22. Nxe4 Ne5 23. Nxf6+ Bxf6 24. Qe4) 19... b4 $1 20. axb4 {[%emt 0:03:27] Strongly threatening g4. Black is weak on the light squares} Rb8 21. c3 a3 22. Rc1 {[%emt 0:03:27] With the idea b3.} (22. bxa3 $2 {is the wrong capture.} Qxc3 23. Nc4 e4 $19) 22... axb2 23. Kxb2 O-O {[%emt 0:14:38] Weighted Error Value: White=0.16 (very precise) /Black=0.07 (flawless)} *

[Event "XX Gran Hotel Bali-A 2023"]
[Site "Benidorm"]
[Date "2023.12.07"]
[Round "8.2"]
[White "Zanan, Evgeny"]
[Black "Solodovnichenko, Yuri"]
[Result "*"]
[ECO "B22"]
[WhiteElo "2486"]
[BlackElo "2490"]
[Annotator "RC"]
[PlyCount "44"]
[EventDate "2023.12.02"]
[EventType "swiss"]
[EventCountry "ESP"]
[SourceTitle "playchess.com"]
[Source "ChessBase"]
[SourceQuality "1"]
[TimeControl "5400+30"]

1. e4 c5 2. c3 Nf6 3. e5 Nd5 4. Nf3 d6 5. Bb5+ Bd7 6. Bc4 e6 7. d4 cxd4 8. Bxd5 exd5 9. O-O dxe5 10. Nxe5 Nc6 11. Qh5 Nxe5 12. Qxe5+ Be6 13. Qxd4 Qc7 14. Bf4 Qc4 15. Qe3 Qe4 16. Nd2 Qxe3 17. Bxe3 Bd6 18. Nb3 Kd7 19. Rad1 Rhc8 20. Nd4 Bc5 21. Nc2 b6 22. Rd2 Kc6 *

[Event "XX Gran Hotel Bali-A 2023"]
[Site "Benidorm"]
[Date "2023.12.07"]
[Round "8.3"]
[White "Mitrabha, Guha"]
[Black "Ambartsumian, Tyhran"]
[Result "*"]
[ECO "D45"]
[WhiteElo "2516"]
[BlackElo "2138"]
[Annotator "RC"]
[PlyCount "46"]
[EventDate "2023.12.02"]
[EventType "swiss"]
[EventCountry "ESP"]
[SourceTitle "playchess.com"]
[Source "ChessBase"]
[SourceQuality "1"]
[TimeControl "5400+30"]

1. Nf3 Nf6 2. c4 c6 3. Nc3 d5 4. e3 Nbd7 5. d4 e6 6. Be2 Bd6 7. O-O O-O 8. b3 b6 9. Bb2 Bb7 10. Qc2 Rc8 11. Rfd1 Qe7 12. a4 a5 13. Rac1 Rfd8 14. Bd3 h6 15. Qe2 Ba8 16. h3 c5 17. cxd5 Nxd5 18. Ne4 cxd4 19. Nxd6 Rxc1 20. Rxc1 Qxd6 21. Nxd4 Nc5 22. Bc4 Nf6 23. Nb5 Qe7 *

[Event "XX Gran Hotel Bali-A 2023"]
[Site "Benidorm"]
[Date "2023.12.07"]
[Round "8.4"]
[White "Utsab Chatterjee"]
[Black "Domingo Nunez, Ruben"]
[Result "*"]
[ECO "B03"]
[WhiteElo "2302"]
[BlackElo "2429"]
[Annotator "RC"]
[PlyCount "41"]
[EventDate "2023.12.02"]
[EventType "swiss"]
[EventCountry "ESP"]
[SourceTitle "playchess.com"]
[Source "ChessBase"]
[SourceQuality "1"]
[TimeControl "5400+30"]

1. e4 Nf6 2. e5 Nd5 3. d4 d6 4. c4 Nb6 5. exd6 cxd6 6. Nc3 g6 7. Be3 Bg7 8. Rc1 O-O 9. b3 d5 10. c5 Nc6 11. cxb6 e5 12. Nge2 exd4 13. Nxd4 Bxd4 14. Bxd4 Qh4 15. Bc5 Re8+ 16. Be2 axb6 17. Bxb6 d4 18. O-O dxc3 19. Bc4 Qf6 20. b4 Bf5 21. Bb3 *

[Event "XX Gran Hotel Bali-A 2023"]
[Site "Benidorm"]
[Date "2023.12.07"]
[Round "8.5"]
[White "Iglesias Ferreira, Andres"]
[Black "Campora, Daniel H."]
[Result "*"]
[ECO "C95"]
[WhiteElo "2187"]
[BlackElo "2341"]
[Annotator "RC"]
[PlyCount "45"]
[EventDate "2023.12.02"]
[EventType "swiss"]
[EventCountry "ESP"]
[SourceTitle "playchess.com"]
[Source "ChessBase"]
[SourceQuality "1"]
[TimeControl "5400+30"]

1. e4 e5 2. Nf3 Nc6 3. Bb5 a6 4. Ba4 Nf6 5. O-O Be7 6. Re1 b5 7. Bb3 d6 8. c3 O-O 9. h3 Nb8 10. d4 Nbd7 11. c4 Bb7 12. Nc3 c6 13. a3 Qc7 14. Qc2 Rac8 15. Be3 exd4 16. Nxd4 g6 17. Rac1 Qd8 18. Rcd1 Re8 19. Bf4 bxc4 20. Bxc4 d5 21. exd5 cxd5 22. Ba2 Nc5 23. Qb1 *

[Event "XX Gran Hotel Bali-A 2023"]
[Site "Benidorm"]
[Date "2023.12.07"]
[Round "8.6"]
[White "Mingarro Carceller, Sergi"]
[Black "Goluch, Piotr"]
[Result "*"]
[ECO "B12"]
[WhiteElo "2253"]
[BlackElo "2309"]
[Annotator "RC"]
[PlyCount "41"]
[EventDate "2023.12.02"]
[EventType "swiss"]
[EventCountry "ESP"]
[SourceTitle "playchess.com"]
[Source "ChessBase"]
[SourceQuality "1"]
[TimeControl "5400+30"]

1. e4 c6 2. d4 d5 3. e5 c5 4. Nf3 Nc6 5. dxc5 Bg4 6. c3 e6 7. Be3 Nge7 8. Nbd2 Nf5 9. Bd4 Be7 10. h3 Bxf3 11. Nxf3 O-O 12. Qa4 f6 13. exf6 Bxf6 14. Bd3 Bxd4 15. cxd4 Nh4 16. Nxh4 Qxh4 17. O-O-O Rxf2 18. g4 Raf8 19. Bb5 Rg2 20. Rhf1 Rxf1 21. Bxf1 *

[Event "XX Gran Hotel Bali-A 2023"]
[Site "Benidorm"]
[Date "2023.12.07"]
[Round "8.7"]
[White "Moskalenko, Viktor"]
[Black "Ereza Vizcarra, Fernando"]
[Result "*"]
[ECO "A42"]
[WhiteElo "2427"]
[BlackElo "2116"]
[Annotator "RC"]
[PlyCount "32"]
[EventDate "2023.12.02"]
[EventType "swiss"]
[EventCountry "ESP"]
[SourceTitle "playchess.com"]
[Source "ChessBase"]
[SourceQuality "1"]
[TimeControl "5400+30"]

1. d4 d6 2. Nf3 Nd7 3. c4 e5 4. Nc3 g6 5. e4 Bg7 6. g3 Ne7 7. Bg2 O-O 8. O-O exd4 9. Nxd4 Ne5 10. b3 N7c6 11. Nxc6 Nxc6 12. Bb2 Nd4 13. Rb1 Bd7 14. Nd5 c5 15. Ne3 Bc6 16. Nc2 Nxc2 *

[Event "XX Gran Hotel Bali-A 2023"]
[Site "Benidorm"]
[Date "2023.12.07"]
[Round "8.8"]
[White "De La Puerta Cresis, Javier"]
[Black "Korneev Leskova, Svyatoslav"]
[Result "*"]
[ECO "C02"]
[WhiteElo "2181"]
[BlackElo "2252"]
[Annotator "RC"]
[PlyCount "49"]
[EventDate "2023.12.02"]
[EventType "swiss"]
[EventCountry "ESP"]
[SourceTitle "playchess.com"]
[Source "ChessBase"]
[SourceQuality "1"]
[TimeControl "5400+30"]

1. e4 e6 2. d4 d5 3. e5 c5 4. c3 Nc6 5. Nf3 Bd7 6. Be2 f6 7. O-O fxe5 8. dxe5 Qc7 9. Re1 Nh6 10. c4 d4 11. Bd3 O-O-O 12. Bg5 Re8 13. Bxh6 gxh6 14. Nbd2 Bg7 15. Qe2 Ref8 16. a3 a5 17. b4 cxb4 18. axb4 Nxb4 19. Nb3 Nxd3 20. Qxd3 a4 21. Nbxd4 Rd8 22. Qe3 Bf8 23. Nb5 Bxb5 24. cxb5 Qa5 25. Nd4 *

[Event "XX Gran Hotel Bali-A 2023"]
[Site "Benidorm"]
[Date "2023.12.07"]
[Round "8.9"]
[White "Aakash Sharadchandra, Dalvi"]
[Black "Munoz Avila, Jose Luis"]
[Result "*"]
[ECO "D16"]
[WhiteElo "2114"]
[BlackElo "2238"]
[Annotator "RC"]
[PlyCount "46"]
[EventDate "2023.12.02"]
[EventType "swiss"]
[EventCountry "ESP"]
[SourceTitle "playchess.com"]
[Source "ChessBase"]
[SourceQuality "1"]
[TimeControl "5400+30"]

1. d4 d5 2. c4 c6 3. Nf3 Nf6 4. Nc3 dxc4 5. a4 e6 6. e3 c5 7. Bxc4 Nc6 8. O-O Be7 9. Qe2 cxd4 10. exd4 O-O 11. Rd1 Nb4 12. Bg5 h6 13. Bh4 Bd7 14. Ne5 Rc8 15. Rac1 Bc6 16. h3 Bd5 17. Nxd5 Nfxd5 18. Bg3 Bg5 19. Ra1 Qe7 20. a5 Rfd8 21. Ra3 Bf6 22. Rf3 Nc6 23. a6 b6 *

[Event "XX Gran Hotel Bali-A 2023"]
[Site "Benidorm"]
[Date "2023.12.07"]
[Round "8.10"]
[White "Gaurav Rajesh Zagade"]
[Black "Grabuzova, Tatiana"]
[Result "1/2-1/2"]
[ECO "D10"]
[WhiteElo "2099"]
[BlackElo "2202"]
[Annotator "RC"]
[PlyCount "35"]
[EventDate "2023.12.02"]
[EventType "swiss"]
[EventCountry "ESP"]
[SourceTitle "playchess.com"]
[Source "ChessBase"]
[SourceQuality "1"]
[TimeControl "5400+30"]

1. d4 d5 2. c4 c6 3. Nc3 Nf6 4. e3 Bf5 5. Qb3 Qb6 6. Qxb6 axb6 7. cxd5 Nxd5 8. Nxd5 cxd5 9. Bd2 Nc6 10. Bb5 e6 11. Ne2 Bd6 12. Nc3 Ke7 13. Ke2 Rhc8 14. h3 Bc2 15. Rhc1 Na7 16. Bd3 Bxd3+ 17. Kxd3 Nc6 18. Nb5 1/2-1/2

[Event "XX Gran Hotel Bali-A 2023"]
[Site "Benidorm"]
[Date "2023.12.07"]
[Round "8.11"]
[White "Salvador Buiza, Victor"]
[Black "Vignesh B"]
[Result "*"]
[ECO "B06"]
[WhiteElo "2112"]
[BlackElo "2140"]
[Annotator "RC"]
[PlyCount "45"]
[EventDate "2023.12.02"]
[EventType "swiss"]
[EventCountry "ESP"]
[SourceTitle "playchess.com"]
[Source "ChessBase"]
[SourceQuality "1"]
[TimeControl "5400+30"]

1. e4 g6 2. d4 Bg7 3. Nc3 d6 4. Be3 a6 5. Qd2 b5 6. O-O-O b4 7. Nce2 a5 8. h4 Nf6 9. f3 Ba6 10. Nh3 Nbd7 11. Bh6 Bxh6 12. Qxh6 e5 13. dxe5 dxe5 14. h5 Qe7 15. hxg6 fxg6 16. Qe3 Nb6 17. Ng3 Bxf1 18. Rhxf1 a4 19. f4 exf4 20. Nxf4 O-O 21. Nd3 a3 22. Qc5 axb2+ 23. Kb1 *

[Event "XX Gran Hotel Bali-A 2023"]
[Site "Benidorm"]
[Date "2023.12.07"]
[Round "8.12"]
[White "Decuigniere, Tom"]
[Black "Garcia Molina, Jose"]
[Result "*"]
[ECO "E47"]
[WhiteElo "2408"]
[BlackElo "2212"]
[Annotator "RC"]
[PlyCount "40"]
[EventDate "2023.12.02"]
[EventType "swiss"]
[EventCountry "ESP"]
[SourceTitle "playchess.com"]
[Source "ChessBase"]
[SourceQuality "1"]
[TimeControl "5400+30"]

1. d4 Nf6 2. c4 e6 3. Nc3 Bb4 4. e3 O-O 5. Bd3 b6 6. e4 d6 7. Nge2 e5 8. d5 Nbd7 9. O-O Bxc3 10. Nxc3 Re8 11. Bd2 h6 12. b4 Nf8 13. a4 g5 14. a5 Bd7 15. axb6 axb6 16. Qc2 Ng6 17. Rfc1 Nh4 18. Rxa8 Qxa8 19. Nb5 Qc8 20. f3 Qb8 *

[Event "XX Gran Hotel Bali-A 2023"]
[Site "Benidorm"]
[Date "2023.12.07"]
[Round "8.13"]
[White "Garijo Perez, Hugo"]
[Black "Davtyan, David Arm."]
[Result "*"]
[ECO "B40"]
[WhiteElo "2222"]
[BlackElo "2362"]
[Annotator "RC"]
[PlyCount "59"]
[EventDate "2023.12.02"]
[EventType "swiss"]
[EventCountry "ESP"]
[SourceTitle "playchess.com"]
[Source "ChessBase"]
[SourceQuality "1"]
[TimeControl "5400+30"]

1. e4 c5 2. Nf3 e6 3. c4 Nc6 4. Nc3 Nd4 5. Nxd4 cxd4 6. Ne2 e5 7. d3 Bb4+ 8. Bd2 Bxd2+ 9. Qxd2 d6 10. Ng3 h5 11. h4 Nf6 12. Be2 g6 13. Qg5 Nd7 14. Qxd8+ Kxd8 15. O-O Nc5 16. f4 Bg4 17. fxe5 Bxe2 18. Nxe2 dxe5 19. Rxf7 Nxd3 20. Raf1 Ke8 21. Rxb7 Rf8 22. Rxf8+ Kxf8 23. Rb3 Nc5 24. Rb5 Rc8 25. b4 Nd3 26. c5 Rc7 27. a4 a6 28. Rb8+ Ke7 29. a5 Kd7 30. Kh2 *

[Event "XX Gran Hotel Bali-A 2023"]
[Site "Benidorm"]
[Date "2023.12.07"]
[Round "8.14"]
[White "Garcia Martin, Marta"]
[Black "Ibanez Aullana, Ramon"]
[Result "*"]
[ECO "C41"]
[WhiteElo "2350"]
[BlackElo "2207"]
[Annotator "RC"]
[PlyCount "26"]
[EventDate "2023.12.02"]
[EventType "swiss"]
[EventCountry "ESP"]
[SourceTitle "playchess.com"]
[Source "ChessBase"]
[SourceQuality "1"]
[TimeControl "5400+30"]

1. e4 d6 2. d4 e5 3. Nf3 exd4 4. Nxd4 Nf6 5. Nc3 Be7 6. g3 d5 7. e5 Ng4 8. Bf4 c6 9. Be2 Nh6 10. Bxh6 gxh6 11. O-O Bc5 12. Bg4 Na6 13. Bxc8 Qxc8 *

[Event "XX Gran Hotel Bali-A 2023"]
[Site "Benidorm"]
[Date "2023.12.07"]
[Round "8.15"]
[White "Luque Saiz, Andres"]
[Black "Roulet-Dubonnet, Emerik Vapenstad"]
[Result "*"]
[ECO "B11"]
[WhiteElo "2349"]
[BlackElo "2170"]
[Annotator "RC"]
[PlyCount "38"]
[EventDate "2023.12.02"]
[EventType "swiss"]
[EventCountry "ESP"]
[SourceTitle "playchess.com"]
[Source "ChessBase"]
[SourceQuality "1"]
[TimeControl "5400+30"]

1. e4 c6 2. Nc3 d5 3. Nf3 Bg4 4. h3 Bxf3 5. Qxf3 e6 6. Be2 Bc5 7. Qg3 Bd4 8. O-O Ne7 9. Bd3 Nd7 10. Ne2 Bf6 11. exd5 cxd5 12. c3 O-O 13. Bc2 Qb8 14. Qe3 b5 15. d4 Qb6 16. h4 Rfc8 17. Qd3 g6 18. Bg5 Bxg5 19. hxg5 Nf5 *

[Event "XX Gran Hotel Bali-A 2023"]
[Site "Benidorm"]
[Date "2023.12.07"]
[Round "8.16"]
[White "Torres Sanchez, Jose"]
[Black "Gomez Dieguez, David"]
[Result "*"]
[ECO "C54"]
[WhiteElo "2196"]
[BlackElo "2303"]
[Annotator "RC"]
[PlyCount "48"]
[EventDate "2023.12.02"]
[EventType "swiss"]
[EventCountry "ESP"]
[SourceTitle "playchess.com"]
[Source "ChessBase"]
[SourceQuality "1"]
[TimeControl "5400+30"]

1. e4 e5 2. Bc4 Nf6 3. d3 Nc6 4. Nf3 Bc5 5. c3 a6 6. O-O Ba7 7. Re1 d6 8. Be3 Bxe3 9. Rxe3 O-O 10. d4 exd4 11. cxd4 d5 12. exd5 Nxd5 13. Bxd5 Qxd5 14. Nc3 Qd8 15. d5 Ne7 16. Ne5 Nf5 17. Re2 Nd6 18. Rc1 Qg5 19. Re3 Nf5 20. Re4 Nd6 21. Re1 Bh3 22. Qf3 Rae8 23. Qg3 Rxe5 24. gxh3 Rfe8 *

[Event "XX Gran Hotel Bali-A 2023"]
[Site "Benidorm"]
[Date "2023.12.07"]
[Round "8.17"]
[White "Granero Roca, Antonio"]
[Black "Motos Abellan, Daniel"]
[Result "*"]
[ECO "D24"]
[WhiteElo "2273"]
[BlackElo "2151"]
[Annotator "RC"]
[PlyCount "90"]
[EventDate "2023.12.02"]
[EventType "swiss"]
[EventCountry "ESP"]
[SourceTitle "playchess.com"]
[Source "ChessBase"]
[SourceQuality "1"]
[TimeControl "5400+30"]

1. Nf3 Nf6 2. c4 e6 3. d4 d5 4. Nc3 a6 5. Bg5 dxc4 6. a4 Nc6 7. e3 Na5 8. Ne5 Be7 9. Nxc4 Nxc4 10. Bxc4 O-O 11. O-O Bd7 12. Bd3 Bc6 13. Qb3 Nd5 14. Bxe7 Qxe7 15. Rfc1 Qg5 16. Ne4 Qh6 17. Nc5 Rab8 18. Bf1 a5 19. Bb5 Bxb5 20. axb5 Rfd8 21. Nd3 Nxe3 22. fxe3 Qxe3+ 23. Kh1 Rxd4 24. Nc5 Qxb3 25. Nxb3 Rb4 26. Nxa5 Rxb5 27. Nc4 Rd8 28. h3 h5 29. Rc2 c6 30. Ra5 Rdd5 31. Rxb5 Rxb5 32. Nd6 Rb4 33. Kg1 Kf8 34. Kf2 Ke7 35. Nc4 g5 36. Ke3 b6 37. Ne5 Rb3+ 38. Kd4 c5+ 39. Kc4 Rb4+ 40. Kc3 Kf6 41. Nc4 Ke7 42. b3 f5 43. Ra2 Kf6 44. Ra6 b5 45. Nd6 g4 *

[Event "XX Gran Hotel Bali-A 2023"]
[Site "Benidorm"]
[Date "2023.12.07"]
[Round "8.18"]
[White "Ni, Viktorija"]
[Black "Escartin Lacasa, Jose"]
[Result "*"]
[ECO "D43"]
[WhiteElo "2139"]
[BlackElo "2272"]
[Annotator "RC"]
[PlyCount "38"]
[EventDate "2023.12.02"]
[EventType "swiss"]
[EventCountry "ESP"]
[SourceTitle "playchess.com"]
[Source "ChessBase"]
[SourceQuality "1"]
[TimeControl "5400+30"]

1. d4 d5 2. c4 c6 3. Nf3 Nf6 4. Nc3 e6 5. Bg5 h6 6. Bh4 dxc4 7. e4 Be7 8. Bxf6 Bxf6 9. e5 Be7 10. Bxc4 O-O 11. Qe2 c5 12. Rd1 cxd4 13. Rxd4 Qa5 14. Bd3 Nd7 15. Bb1 Rd8 16. O-O Nf8 17. Rg4 Bd7 18. Qe3 Kh8 19. Qf4 f5 *

[Event "XX Gran Hotel Bali-A 2023"]
[Site "Benidorm"]
[Date "2023.12.07"]
[Round "8.19"]
[White "Kennaugh, Charles W"]
[Black "Donate Moreno, Silvia"]
[Result "*"]
[ECO "B90"]
[WhiteElo "2249"]
[BlackElo "2156"]
[Annotator "RC"]
[PlyCount "52"]
[EventDate "2023.12.02"]
[EventType "swiss"]
[EventCountry "ESP"]
[SourceTitle "playchess.com"]
[Source "ChessBase"]
[SourceQuality "1"]
[TimeControl "5400+30"]

1. e4 c5 2. Nf3 d6 3. d4 cxd4 4. Nxd4 Nf6 5. Nc3 a6 6. a4 e5 7. Nf3 Be7 8. Bg5 Nc6 9. Bxf6 Bxf6 10. Nd5 O-O 11. Bc4 Be6 12. O-O Rc8 13. Qd3 Nb4 14. Qb3 Bxd5 15. Bxd5 Qa5 16. c3 Nxd5 17. exd5 Qc7 18. Rfe1 Bd8 19. Re4 f5 20. Rb4 Rf7 21. Re1 Qd7 22. Nd2 Ba5 23. Rc4 Rcf8 24. Qc2 g5 25. b4 Bd8 26. f3 Bb6+ *

[Event "XX Gran Hotel Bali-A 2023"]
[Site "Benidorm"]
[Date "2023.12.07"]
[Round "8.20"]
[White "Patil Priyanshu"]
[Black "Carrera Perez, Francisco"]
[Result "*"]
[ECO "C01"]
[WhiteElo "1902"]
[BlackElo "2237"]
[Annotator "RC"]
[PlyCount "36"]
[EventDate "2023.12.02"]
[EventType "swiss"]
[EventCountry "ESP"]
[SourceTitle "playchess.com"]
[Source "ChessBase"]
[SourceQuality "1"]
[TimeControl "5400+30"]

1. e4 e6 2. d4 d5 3. Bd3 Nf6 4. e5 Nfd7 5. Ne2 c5 6. c3 Nc6 7. a3 a5 8. O-O a4 9. Kh1 Nb6 10. f4 Na5 11. Nd2 g6 12. dxc5 Bxc5 13. b4 axb3 14. Nxb3 Nxb3 15. Qxb3 Bd7 16. Nd4 O-O 17. Be3 Qe7 18. Bg1 Ra7 *

[Event "XX Gran Hotel Bali-A 2023"]
[Site "Benidorm"]
[Date "2023.12.08"]
[Round "9.1"]
[White "Grigoryan, Karen H."]
[Black "Mitrabha, Guha"]
[Result "1/2-1/2"]
[ECO "E36"]
[WhiteElo "2638"]
[BlackElo "2508"]
[Annotator "TA"]
[PlyCount "85"]
[EventDate "2023.12.02"]
[EventType "swiss"]
[EventCountry "ESP"]
[SourceTitle "playchess.com"]
[Source "ChessBase"]
[SourceQuality "1"]
[TimeControl "5400+30"]

1. d4 Nf6 2. c4 e6 3. Nc3 Bb4 4. Qc2 O-O 5. a3 Bxc3+ 6. Qxc3 d5 7. e3 {[%emt 0:02:01] E36: Nimzo-Indian: Classical: 4...d5 5 a3.} b6 8. Nf3 Ba6 9. b3 Nbd7 10. Bb2 c5 11. dxc5 Nxc5 12. Rd1 {[%emt 0:02:48] [#]} Rc8 $146 ({Predecessor:} 12... Nce4 13. Qc1 Rc8 14. Be2 Qe7 15. O-O dxc4 16. bxc4 b5 17. Qa1 bxc4 18. Ne5 Qc7 {½-½ Garcia De la Calera Molina,E (1634)-Krasteva,B (2268) Paterna Chess in a Rook 3rd blitz 2022 (3)}) 13. Qb4 (13. Be2 $15) 13... Nce4 {[%emt 0:29:10] Excellent horsemanship.} ({Black should play} 13... Nfe4 $17 {[%cal Oa6c4] Threatens to win with ...Bxc4!} 14. cxd5 Bxf1 15. Kxf1 exd5) 14. Ne5 Qc7 15. f3 Nc5 16. Qc3 (16. Nd3 $15) 16... dxc4 $17 17. Ng4 Ne8 (17... cxb3 $2 18. Nxf6+ Kh8 19. Nd5 $18) (17... Rfd8 $17 {Strongly threatening ...Rxd1+.} 18. Nxf6+ (18. Bxc4 $2 {is the wrong capture.} Rxd1+ 19. Kxd1 Nxb3 $19 {[%mdl 64] Pin}) 18... gxf6 19. Rxd8+ (19. bxc4 Rxd1+ 20. Kxd1 e5 $17) 19... Qxd8 20. bxc4 Na4 21. Qxf6 Nxb2 22. Qxb2 Bxc4 23. Bxc4 Qh4+ 24. Ke2 Qxc4+ 25. Kf2 Qc2+ 26. Qxc2 Rxc2+ 27. Kg3 Ra2) 18. Bxc4 $11 h5 (18... Bxc4 {simplifies} 19. Qxc4 h5 20. Nf2 Nd6) 19. Bxa6 $1 Nxa6 20. Qxc7 Nexc7 21. Ne5 Nc5 22. Nd7 Nxd7 23. Rxd7 Nd5 24. Kd2 {[%emt 0:01:16] Inhibits Rc2+.} Rfd8 25. Rxd8+ Rxd8 {[%emt 0:00:00][%mdl 4096] Endgame KRB-KRN} 26. Ke2 Rc8 27. Rc1 {[%emt 0:00:35] Wards off Rc2+} Rxc1 28. Bxc1 {[%emt 0:00:05] KB-KN} Kf8 29. e4 Nc7 (29... Ne7 $11) 30. Bf4 $16 Nb5 31. Kd3 {[%emt 0:02:05] a4 is the strong threat.} Ke7 {[%emt 0:00:06] [#]} 32. Bb8 $1 a6 $2 {[%emt 0:01:09] [#]} (32... Kd7 $16) 33. a4 $2 (33. e5 $1 $18 {is the precise move to win.}) 33... Nd6 34. Bc7 (34. Kd4 $1 $14) 34... Nc8 $11 35. g4 hxg4 {[%emt 0:02:49] The position is equal.} (35... Kd7 $5 36. Bf4 hxg4 $11) 36. fxg4 f6 37. Bg3 g5 38. h4 gxh4 39. Bxh4 {[%emt 0:00:05] e5 would be deadly.} e5 40. g5 fxg5 41. Bxg5+ Ke6 42. Be3 Kd6 43. Bf2 {[%emt 0:00:44] Weighted Error Value: White=0.18 (very precise) /Black=0.21 (precise)} 1/2-1/2

[Event "XX Gran Hotel Bali-A 2023"]
[Site "Benidorm"]
[Date "2023.12.08"]
[Round "9.2"]
[White "Domingo Nunez, Ruben"]
[Black "Zanan, Evgeny"]
[Result "1/2-1/2"]
[ECO "D02"]
[WhiteElo "2429"]
[BlackElo "2483"]
[Annotator "RC"]
[PlyCount "29"]
[EventDate "2023.12.02"]
[EventType "swiss"]
[EventCountry "ESP"]
[SourceTitle "playchess.com"]
[Source "ChessBase"]
[SourceQuality "1"]
[TimeControl "5400+30"]

1. Nf3 d5 2. g3 g6 3. Bg2 Bg7 4. d4 Nd7 5. O-O Ngf6 6. c3 O-O 7. a4 a5 8. Nbd2 c6 9. Re1 e5 10. Nxe5 Nxe5 11. dxe5 Ng4 12. Nf3 Nxe5 13. Nxe5 Bxe5 14. Qb3 Qc7 15. e4 1/2-1/2

[Event "XX Gran Hotel Bali-A 2023"]
[Site "Benidorm"]
[Date "2023.12.08"]
[Round "9.3"]
[White "Solodovnichenko, Yuri"]
[Black "Iglesias Ferreira, Andres"]
[Result "1-0"]
[ECO "B52"]
[WhiteElo "2486"]
[BlackElo "2213"]
[Annotator "RC"]
[PlyCount "49"]
[EventDate "2023.12.02"]
[EventType "swiss"]
[EventCountry "ESP"]
[SourceTitle "playchess.com"]
[Source "ChessBase"]
[SourceQuality "1"]
[TimeControl "5400+30"]

1. e4 c5 2. Nf3 d6 3. Bb5+ Bd7 4. Bxd7+ Qxd7 5. c4 e5 6. Nc3 Nc6 7. a3 Be7 8. d3 Bd8 9. O-O Nge7 10. Rb1 O-O 11. b4 Ng6 12. bxc5 dxc5 13. Nd5 b6 14. Bd2 f5 15. h3 Nce7 16. a4 Nxd5 17. cxd5 Rc8 18. Re1 c4 19. Rc1 cxd3 20. Rxc8 Qxc8 21. Bb4 fxe4 22. Bxf8 exf3 23. Bd6 Nh4 24. Qxd3 Nxg2 25. Qxf3 1-0

[Event "XX Gran Hotel Bali-A 2023"]
[Site "Benidorm"]
[Date "2023.12.08"]
[Round "9.4"]
[White "Munoz Avila, Jose Luis"]
[Black "Ilinca, Felix-Antonio"]
[Result "1-0"]
[ECO "A57"]
[WhiteElo "2238"]
[BlackElo "2423"]
[Annotator "RC"]
[PlyCount "77"]
[EventDate "2023.12.02"]
[EventType "swiss"]
[EventCountry "ESP"]
[SourceTitle "playchess.com"]
[Source "ChessBase"]
[SourceQuality "1"]
[TimeControl "5400+30"]

1. d4 Nf6 2. c4 c5 3. d5 b5 4. Qc2 b4 5. e4 d6 6. f4 g6 7. Bd3 Bg7 8. Nd2 O-O 9. Ndf3 a5 10. Rb1 e6 11. Ne2 exd5 12. exd5 Re8 13. h3 Ne4 14. O-O a4 15. Bxe4 Rxe4 16. g4 Re8 17. Ng3 Nd7 18. Bd2 a3 19. b3 Ra7 20. Rbe1 Rxe1 21. Rxe1 Nf6 22. g5 Nh5 23. Nxh5 Bf5 24. Qd1 gxh5 25. Nh4 Bxh3 26. Qxh5 Qd7 27. f5 Bc3 28. Bxc3 bxc3 29. Qf3 c2 30. Qxh3 Qe7 31. Rc1 Qe2 32. f6 Qd1+ 33. Kh2 Ra8 34. Qe3 Kf8 35. Nf5 Re8 36. Ne7 Qh5+ 37. Kg3 Qd1 38. g6 fxg6 39. Qh6+ 1-0

[Event "XX Gran Hotel Bali-A 2023"]
[Site "Benidorm"]
[Date "2023.12.08"]
[Round "9.5"]
[White "Campora, Daniel H."]
[Black "Vignesh B"]
[Result "1-0"]
[ECO "C96"]
[WhiteElo "2354"]
[BlackElo "2179"]
[Annotator "RC"]
[PlyCount "101"]
[EventDate "2023.12.02"]
[EventType "swiss"]
[EventCountry "ESP"]
[SourceTitle "playchess.com"]
[Source "ChessBase"]
[SourceQuality "1"]
[TimeControl "5400+30"]

1. e4 e5 2. Nf3 Nc6 3. Bb5 a6 4. Ba4 Nf6 5. O-O Be7 6. Re1 b5 7. Bb3 d6 8. c3 O-O 9. h3 Na5 10. Bc2 c5 11. d4 cxd4 12. cxd4 Qc7 13. Nc3 Re8 14. Bg5 h6 15. Bxf6 Bxf6 16. a4 Be6 17. axb5 axb5 18. d5 Bd7 19. Qe2 b4 20. Nd1 b3 21. Bd3 Nb7 22. Nc3 Nc5 23. Bb5 Reb8 24. Nd2 Rxa1 25. Rxa1 Bg5 26. Nf3 Bd8 27. Nd2 Bg5 28. Nf3 Bd8 29. Nd2 g6 30. Bxd7 Qxd7 31. Qc4 Bg5 32. Nf3 Bd8 33. Nxe5 dxe5 34. Qxc5 Bb6 35. Qc6 Qd8 36. d6 Bd4 37. Nb5 Rc8 38. Qd5 Qg5 39. Rf1 Rc1 40. Nxd4 Rxf1+ 41. Kxf1 Qc1+ 42. Ke2 Qxb2+ 43. Kd3 Qb1+ 44. Ke2 exd4 45. d7 Qc2+ 46. Kf3 Qd3+ 47. Kf4 Qd2+ 48. Kg3 Qc3+ 49. Kh4 d3 50. d8=Q+ Kg7 51. Qd4+ 1-0